Map: Frost LE

Players

Miszu - Winner!

  • Race: Terran Terran
  • League: Master

ytdurdtdd

  • Race: Zerg Zerg
  • League: Master

VOD

Have the link to the VOD?

Description

Time

  • Played on: July 1, 2016, 12:09 p.m.
  • Length: 10:27
Show
View Real Time Build Order
Export as new Build Order

Miszu Terran - Winner!

Build Orders: Reaper Expand, MMM Bio 

Get SALT Encoding   

  12  0:00  SCV  
  13  0:12  SCV  
  14  0:18  Supply Depot  
  14  0:25  SCV  
  15  0:40  SCV  
  15  0:42  Barracks  
  16  0:45  Refinery  
  16  0:52  SCV  
  17  1:04  SCV  
  18  1:18  SCV  
  19  1:30  Orbital Command  
  19  1:31  Reaper  
  20  1:43  Command Center  
  20  1:56  SCV  
  21  2:04  Supply Depot  
  22  2:08  Barracks Reactor, SCV  
  22  2:13  Refinery  
  22  2:20  SCV  
  23  2:27  Factory  
  23  2:32  SCV  
  24  2:44  SCV  
  24  2:45  Marine x2  
  27  2:55  Orbital Command  
  27  2:56  SCV  
  28  3:03  Marine x2  
  30  3:09  SCV  
  30  3:12  Starport  
  31  3:13  Factory Reactor  
  31  3:20  SCV  
  31  3:21  SCV  
  31  3:22  Marine  
  31  3:23  Supply Depot, Marine  
  35  3:32  SCV  
  35  3:33  SCV  
  37  3:41  Marine x2  
  37  3:44  SCV  
  37  3:45  SCV  
  40  3:54  Supply Depot, Widow Mine  
  42  3:56  Medivac x2, SCV  
  42  3:58  SCV  
  42  4:01  Marine x2  
  50  4:08  SCV  
  51  4:10  SCV  
  51  4:13  Command Center  
  51  4:14  Liberator  
  52  4:17  Liberator  
  52  4:20  SCV  
  52  4:21  Refinery  
  52  4:23  Refinery  
  55  4:35  SCV  
  55  4:38  SCV  
  61  4:39  Supply Depot  
  61  4:47  Supply Depot, Factory Tech Lab, SCV  
  62  5:00  SCV x2  
  62  5:01  Marine x2  
  62  5:02  Supply Depot  
  66  5:16  Siege Tank  
  66  5:17  SCV  
  66  5:18  SCV  
  63  5:29  Engineering Bay, SCV  
  63  5:30  Engineering Bay, SCV, Orbital Command  
  63  5:32  Barracks  
  63  5:33  Barracks  
  64  5:40  Marine x2  
  66  5:43  SCV x2  
  68  5:50  Siege Tank  
  68  5:55  SCV x2  
  73  5:58  Barracks  
  73  6:00  Barracks  
  71  6:04  Terran Infantry Weapons Level 1, Terran Infantry Armor Level 1  
  71  6:07  SCV, Orbital Command  
  71  6:08  SCV  
  73  6:18  Supply Depot  
  73  6:19  Supply Depot, Marine x2, SCV  
  73  6:20  Barracks Tech Lab  
  73  6:21  Barracks Tech Lab  
  73  6:24  SCV, Armory  
  74  6:31  SCV  
  75  6:36  SCV  
  75  6:37  Marine x2  
  75  6:39  Stimpack, Combat Shields  
  78  6:41  Supply Depot  
  78  6:49  SCV  
  78  6:50  Marauder, SCV  
  78  6:51  SCV  
  78  6:53  Barracks Reactor x2  
  83  6:54  Marine  
  83  6:55  Marine  
  86  7:01  Barracks, SCV  
  86  7:02  Barracks x2  
  86  7:03  SCV x2  
  86  7:06  Refinery  
  88  7:08  Marine  
  88  7:09  Supply Depot  
  88  7:10  Supply Depot  
  88  7:13  SCV  
  88  7:15  Marine x2  
  91  7:20  Marine  
  93  7:24  SCV x2  
  93  7:25  SCV  
  93  7:29  Marine, Marauder  
  99  7:30  Siege Tank  
  99  7:31  Marine x3  
  99  7:33  Supply Depot, Marine x2  
  109  7:38  Supply Depot, Marine  
  109  7:41  Refinery  
  108  7:44  Terran Vehicle Weapons Level 1  
  108  7:48  Marine  
  108  7:49  Marine x3  
  108  7:50  Marauder  
  108  7:51  Marine x2  
  116  7:54  Barracks Tech Lab  
  116  7:55  Barracks Reactor, Barracks Tech Lab  
  116  7:56  Marine  
  117  8:04  Supply Depot  
  117  8:06  Marine, Siege Tank  
  117  8:07  Marine x3, Medivac  
  117  8:08  Supply Depot, Marine  
  117  8:12  Marauder  
  129  8:14  Marauder, Concussive Shells  
  129  8:15  Marauder  
  129  8:17  Marine x2  
  135  8:24  Marine  
  136  8:29  Marine x2  
  136  8:30  Marine x2  
  136  8:33  Marauder  
  142  8:35  Marine x3  
  142  8:36  Marine  
  142  8:40  Missile Turret  
  146  8:42  Marine  
  146  8:43  Missile Turret  
  146  8:45  Missile Turret  
  146  8:47  Marine x3  
  141  8:52  Marine  
  141  8:53  Marine, Marauder  
  141  8:54  Marine x4  
  141  8:55  Marine  
  149  9:00  Marine  
  147  9:06  Command Center  
  78  9:10  Medivac x2  
  147  9:11  Marine  
  147  9:12  Marine  
  152  9:22  Marine x8, Marauder  
  162  9:39  Medivac  
  162  9:40  Marine x9  
Show
View Real Time Build Order
Export as new Build Order

ytdurdtdd Zerg 

Build Orders: Hatch First, Muta Ling Bane 

Get SALT Encoding   

  12  0:01  Drone  
  13  0:12  Overlord  
  13  0:17  Drone  
  14  0:30  Drone x2  
  14  0:34  Drone  
  17  0:53  Hatchery  
  17  0:56  Drone  
  17  1:00  Drone  
  18  1:10  Extractor  
  17  1:15  Spawning Pool  
  16  1:18  Drone  
  16  1:22  Drone  
  18  1:28  Drone  
  19  1:48  Overlord  
  19  2:02  Queen  
  19  2:03  Zergling x2  
  19  2:05  Zergling x2  
  19  2:07  Queen, Drone  
  26  2:14  Metabolic Boost  
  26  2:18  Drone  
  26  2:21  Drone  
  28  2:26  Drone  
  28  2:27  Drone  
  30  2:32  Drone  
  31  2:37  Drone  
  31  2:41  Queen  
  34  2:48  Queen  
  36  2:53  Overlord  
  36  2:58  Overlord  
  36  3:19  Drone x10  
  46  3:26  Overlord  
  46  3:29  Drone  
  47  3:42  Drone x2  
  49  3:52  Overlord x2, Drone x2  
  49  3:53  Drone  
  52  3:56  Extractor  
  52  3:57  Extractor, Hatchery  
  52  4:00  Drone x2  
  52  4:01  Drone  
  52  4:08  Pneumatized Carapace  
  52  4:18  Overlord x2  
  52  4:20  Roach Warren  
  51  4:24  Overlord  
  51  4:26  Drone x3  
  51  4:29  Spore Crawler  
  51  4:31  Zergling x6  
  56  4:39  Drone x5  
  61  4:47  Queen  
  61  4:52  Spore Crawler  
  62  5:08  Zergling x12  
  68  5:19  Zergling x2  
  68  5:20  Zergling x12  
  71  5:32  Lair  
  71  5:37  Evolution Chamber  
  71  5:38  Evolution Chamber  
  71  5:40  Spore Crawler  
  68  5:45  Drone x7  
  75  5:51  Queen x2  
  79  5:57  Drone x3  
  79  6:02  Drone x3  
  83  6:24  Drone x8  
  87  6:26  Extractor  
  87  6:28  Extractor  
  85  6:33  Drone x2  
  87  6:41  Baneling Nest, Zerg Melee Weapons Level 1, Zerg Ground Armor Level 1  
  87  6:42  Overlord x3  
  87  6:43  Hatchery  
  85  6:48  Drone  
  86  6:56  Extractor  
  86  7:00  Spire  
  80  7:21  Drone  
  80  7:22  Drone x5  
  84  7:23  Drone x9  
  93  7:35  Centrifical Hooks  
  93  7:36  Overlord x3  
  93  7:41  Overlord x4  
  93  7:46  Hatchery  
  92  7:56  Overlord  
  92  7:57  Overlord x3  
  92  8:12  Mutalisk  
  92  8:13  Mutalisk x7  
  92  8:16  Extractor  
  92  8:17  Extractor  
  106  8:25  Zerg Flyer Weapons Level 1  
  105  8:31  Infestation Pit  
  96  8:53  Drone x2  
  96  8:54  Drone x10  
  96  8:55  Queen, Drone x2  
  110  8:59  Drone  
  110  9:00  Drone x4  
  117  9:06  Drone x5  
  122  9:14  Drone x4  
  126  9:19  Zergling x4  
  126  9:20  Baneling x3  
  126  9:21  Baneling x8  
  120  9:25  Zergling x4  
  120  9:26  Zergling x2  
  120  9:27  Baneling  
  120  9:29  Zergling x2  
  124  9:32  Zergling x2  
  124  9:34  Zergling x6  
  124  9:37  Zergling x4  
  130  9:40  Zergling x6  
  130  9:41  Zergling x2  
  130  9:44  Zergling x2  
  130  9:45  Baneling x2  
  129  9:49  Zergling x4  
  129  9:50  Zergling x8  
  126  9:53  Baneling x3  
  126  9:56  Zergling x6  
  123  10:01  Zergling x2  
  123  10:02  Baneling x4  
  123  10:03  Baneling x3  
  123  10:04  Zergling x2  
  123  10:06  Zergling x2  
  120  10:07  Zergling x2  
Tags
 
Add a new tag
Caveats
  • Supply blocks, unpowered buildings, or Contaminate may cause inaccurate times.
  • Supply counts are checked every 10 seconds.